 Dungeon Crawl Stone Soup version 0.30.0-10-gfe55d96785 (webtiles) character file.

Game seed: 8542091255925981675

2 Gabide the Sneak (level 1, -1/18 HPs)
             Began as a Demigod Delver on May 14, 2023.
             Slain by an ogre
             ... wielding a +0 giant spiked club
              (19 damage)
             ... on level 6 of the Dungeon.
             The game lasted 00:01:06 (224 turns).

Gabide the Sneak (Demigod Delver)                    Turns: 224, Time: 00:01:07

Health: -1/18      AC:  4    Str: 13    XL:     1   Next: 20%
Magic:  3/3        EV: 11    Int: 12    God:
Gold:   30         SH:  0    Dex: 15    Spells: 0/0 levels left

rFire   . . .        a - +0 short sword
rCold   . . .        (no shield)
rNeg    . . .        b - +0 leather armour
rPois   .            (no helmet)
rElec   .            h - +0 cloak
rCorr   .            (no gloves)
SInv    .            (no boots)
Will    .....        (no amulet)
Stlth   +++          (no ring)
HPRegen 0.23/turn    (no ring)
MPRegen 0.08/turn

%: no passive effects
@: no status effects
A: high MP 1, forlorn, divine attributes
a: no special abilities


You were on level 6 of the Dungeon.
You visited 1 branch of the dungeon, and saw 2 of its levels.

You collected 30 gold pieces.

Inventory:

Hand Weapons
 a - a +0 short sword (weapon)
Armour
 b - a +0 leather armour (worn)
 h - a +0 cloak (worn)
Wands
 g - a wand of digging (3)
Scrolls
 c - a scroll of fog
 d - a scroll of magic mapping
 e - a scroll of fear
Potions
 f - a potion of haste


   Skills:
 - Level 2.6 Fighting
 + Level 2.0 Short Blades
 - Level 1.7 Dodging
 - Level 4.5 Stealth


You couldn't memorise any spells.
You didn't know any spells.
Your spell library was empty.

Dungeon Overview and Level Annotations

Branches:
Dungeon (6/15)
 Temple: D:4-7

Annotations:
D:6 exclusions: orc wizard and scorpion


Innate Abilities, Weirdness & Mutations

You have an increased reservoir of magic. (+10% MP)
You shall have no god before yourself.
Your divine heritage dramatically boosts your attributes as you level up.


Message History

The orc is heavily wounded.
The orc hits you with a +0 hand axe.
You hit the orc.
You kill the orc!
Your Short Blades skill increases to level 2!
You start resting.
HP restored.
You open the door.
There is an open door here.
You open the door.
There is an open door here.
A scorpion comes into view.
Okay, then.
Unknown command.
Sorry, I don't know how to get there.
Found a stone staircase leading down.
There is a stone staircase leading down here.
There is an open door here.
You open the door.
There is an open door here.
An ogre comes into view. It is wielding a +0 giant spiked club.
The helpless ogre fails to defend itself.
You puncture the ogre!
The ogre is severely wounded.
The ogre misses you.
You hit the ogre.
The ogre is severely wounded.
You barely miss the ogre.
The ogre is severely wounded.
The ogre closely misses you.
You hit the ogre.
The ogre is severely wounded.
The ogre barely misses you.
You hit the ogre. Your punch misses the ogre.
The ogre is almost dead.
You hit the ogre but do no damage.
The ogre is almost dead.
The ogre hits you with a +0 giant spiked club!!
Ouch! That really hurt!
You die...

#.# #.# .# ##'## #.#
##...## ..# ##.....##
#.# ##.......##
##..#####
###.........####.......#
..'.........'...........
###.........####@...##.
##.......## #O.#.#
##.....## #.## # ##...##
#.# ##+## #.. ### # ..o


You could see an ogre.

Vanquished Creatures
  An orc (D:6)
1 creature vanquished.

Notes
Turn   | Place    | Note
-------+----------+-------------------------------------------
     0 | D:5      | Gabide the Demigod Delver began the quest for the Orb.
     0 | D:5      | Reached XP level 1. HP: 18/18 MP: 3/3
    19 | D:5      | Noticed a scorpion
    21 | D:5      | Noticed an iguana
    94 | D:6      | Noticed an orc wizard
   178 | D:6      | Noticed a scorpion
   217 | D:6      | Noticed an ogre
   224 | D:6      | Slain by an ogre

Illustrated notes

Levels and vault maps discovered:
D:5:      layout_rooms, minmay_ogre_servants, uniq_pikel
D:6:      layout_loops_corners, lemuel_coloured_pillars_altar,
          minmay_temple_entry_proselytizer, minmay_crystal_room,
          dk_rats_in_the_wall

Skill      XL: |  1 |
---------------+----+-----
Short Blades   | 2 |  2.0
Fighting       | |  2.6
Dodging        | |  1.7
Stealth        | |  4.5

Action                     || total
---------------------------++-------
  Melee: Short sword       ||    10
   Stab: Sleeping          ||     1
  Dodge: Dodged            ||     3
